 Dungeon Crawl Stone Soup version 0.17.1-1-g73c8601 (webtiles) character file.

458 shmeve the Skirmisher (level 6, -10/57 HPs)
             Began as a Minotaur Berserker on Apr 20, 2016.
             Was a Priest of Trog.
             Mangled by an orc warrior
             ... wielding a +0 dire flail
              (14 damage)
             ... on level 4 of the Dungeon.
             The game lasted 00:05:36 (2604 turns).

shmeve the Skirmisher (Minotaur Berserker)          Turns: 2604, Time: 00:05:36

Health: -10/57     AC: 13    Str: 22    XL:     6   Next: 77%
Magic:  5/5        EV:  9    Int:  5    God:    Trog [***...]
Gold:   167        SH:  0    Dex: 10    Spells: 0 memorised, 5 levels left

rFire  . . .     SeeInvis .     a - +0 hand axe
rCold  . . .     Clarity  .     s - +0 chain mail
rNeg   . . .     SustAt   .     (no shield)
rPois  .         Gourm    .     (helmet restricted)
rElec  .         Spirit   .     m - +0 cloak
rCorr  .         Warding  .     u - +1 pair of gloves
rMut   .         Stasis   .     d - +0 pair of boots
MR     .....                    (no amulet)
Stlth  ..........               (no ring)
                                (no ring)

@: exhausted, not resistant to hostile enchantments, extremely unstealthy
A: retaliatory headbutt, horns 2
a: Berserk, Trog's Hand, Burn Spellbooks, Renounce Religion


You were on level 4 of the Dungeon.
You worshipped Trog.
Trog was most pleased with you.
You were not hungry.

You visited 1 branch of the dungeon, and saw 4 of its levels.

You collected 167 gold pieces.

Inventory:

Hand Weapons
 a - a +0 hand axe (weapon)
Armour
 d - a +0 pair of boots (worn)
 m - a +0 cloak (worn)
 s - a +0 chain mail (worn)
 u - a +1 pair of gloves (worn)
Scrolls
 b - a scroll of magic mapping {unknown}
 e - 5 scrolls of identify {unknown}
 f - a scroll of fear {unknown}
 h - 2 scrolls of recharging {unknown}
 j - 2 scrolls of enchant weapon {unknown}
 k - a scroll of amnesia {unknown}
 p - a scroll of blinking {unknown}
Potions
 i - a potion of ambrosia {unknown}
 l - a potion of heal wounds {unknown}
 o - a potion of brilliance {unknown}
 q - 4 potions of curing {unknown}
 t - a potion of agility
 w - a potion of flight {unknown}
Comestibles
 c - 5 bread rations
 g - 3 beef jerkies
 n - 4 meat rations
 r - a royal jelly
 v - 6 chunks of flesh


   Skills:
 * Level 5.9 Fighting
 * Level 5.8 Axes
 + Level 2.4 Throwing
 + Level 3.8 Armour
 + Level 3.4 Dodging


You had 5 spell levels left.
You didn't know any spells.

Dungeon Overview and Level Annotations

Branches:
Dungeon (4/15)
 Temple: D:4-7

Altars:
Fedhas
Nemelex Xobeh
Sif Muna


Innate Abilities, Weirdness & Mutations

You reflexively headbutt those who attack you in melee.
You have a pair of horns on your head.


Message History

The orc warrior hits you with a dire flail.
The orc warrior closely misses you.
You hit the orc warrior but do no damage.
The orc warrior is lightly wounded.
The orc warrior hits you with a dire flail!
* * * LOW HITPOINT WARNING * * *
You hit the orc warrior but do no damage.
The orc warrior is lightly wounded.
You closely miss the orc warrior. You headbutt the orc warrior!
The orc warrior is moderately wounded.
The orc warrior barely misses you.
You hit the orc warrior but do no damage.
The orc warrior is moderately wounded.
The orc warrior hits you with a dire flail.
* * * LOW HITPOINT WARNING * * *
You hit the orc warrior but do no damage.
You headbutt the orc warrior, but do no damage.
The orc warrior is moderately wounded.
The orc warrior hits you with a dire flail!
You die...

..#.....#.##.....#.
..#.....#......... #
..#.....'......#.#.#
..#.....#.####[#.#.#
..#.....#..........#
..#.....######.#.#.#
..#.....# ###.#... ..#.....#
#.# .... '##.....# #@# .....
........# ### #o# ####
.#.#+#+####.. ..$ ....
.#.#......... ..... ....
..†....####.####.#########.#
............. ?............
...##..####.#######......#.#
.......# #......##......#.#
.#.##..# #.####.........#.#


You could see an orc warrior.

Vanquished Creatures
  Purgy (D:4)
  An ogre (D:4)
  3 orc priests
  A worker ant (D:4)
  3 gnolls (D:3)
  5 adders
  2 oozes (D:1)
  An adder skeleton (D:4)
  4 worms (D:2)
  11 orcs
  2 ball pythons
  6 bats
  5 hobgoblins
  6 jackals
  4 kobolds
  3 giant cockroaches
  2 giant geckos
  9 goblins
  2 rats
71 creatures vanquished.

Notes
Turn   | Place    | Note
--------------------------------------------------------------
     0 | D:1      | shmeve the Minotaur Berserker began the quest for the Orb.
     0 | D:1      | Reached XP level 1. HP: 19/19 MP: 0/0
   277 | D:1      | Reached XP level 2. HP: 27/27 MP: 1/1
   772 | D:1      | Reached skill level 4 in Fighting
   821 | D:2      | Reached XP level 3. HP: 33/33 MP: 2/2
   832 | D:2      | Reached ** piety under Trog
   832 | D:2      | Reached skill level 1 in Throwing
  1106 | D:2      | Found a blossoming altar of Fedhas.
  1122 | D:2      | Found a deep blue altar of Sif Muna.
  1140 | D:2      | Reached XP level 4. HP: 34/41 MP: 3/3
  1970 | D:3      | Reached XP level 5. HP: 45/47 MP: 4/4
  1990 | D:3      | Found a sparkling altar of Nemelex Xobeh.
  2026 | D:3      | Reached skill level 5 in Fighting
  2026 | D:3      | Reached skill level 5 in Axes
  2246 | D:4      | Noticed an ogre
  2252 | D:4      | Killed an ogre
  2252 | D:4      | Reached XP level 6. HP: 56/56 MP: 5/5
  2436 | D:4      | Reached *** piety under Trog
  2568 | D:4      | Noticed Purgy
  2573 | D:4      | Killed Purgy
  2593 | D:4      | Noticed an orc warrior
  2604 | D:4      | Mangled by an orc warrior

Action                   |  1- 3 |  4- 6 || total
-------------------------+-------+-------++-------
Melee: Hand axe          |    58 |   113 ||   171
Invok: Berserk           |     1 |     2 ||     3
  Eat: Chunk             |     2 |     7 ||     9
